 Dungeon Crawl Stone Soup version 0.28-a0-1412-gf95308ed99 (webtiles) character file.

Game seed: 17781259111908510837

133 siradein the Skirmisher (level 4, -3/40 HPs)
             Began as a Draconian Cinder Acolyte on Jan 6, 2022.
             Was a High Priest of Ignis.
             Slain by an ogre (10 damage)
             ... on level 3 of the Dungeon.
             The game lasted 00:04:33 (3215 turns).

siradein the Skirmisher (Draconian Cinder Acolyte)  Turns: 3215, Time: 00:04:34

Health: -3/40      AC:  5    Str: 18    XL:     4   Next: 94%
Magic:  7/7        EV: 11    Int: 14    God:    Ignis [*****.]
Gold:   91         SH:  0    Dex:  7    Spells: 5/7 levels left

rFire   + . .      SeeInvis .   a - -1 mace (flame)
rCold   . . .      Faith    .   (no shield)
rNeg    . . .      Spirit   .   (armour unavailable)
rPois   .          Reflect  .   (helmet restricted)
rElec   .          Harm     .   (no cloak)
rCorr   .          Rampage  .   (no gloves)
Will    .....                   (no boots)
Stlth   +.........              (no amulet)
HPRegen 0.13/turn               g - ring of flight
MPRegen 0.10/turn               (no ring)

@: flying
A: AC +5, unfitting armour, cold-blooded
a: Renounce Religion, Fiery Armour, Foxfire Swarm, Rising Flame


You were on level 3 of the Dungeon.
You worshipped Ignis.
Ignis was extremely pleased with you.
You visited 1 branch of the dungeon, and saw 4 of its levels.

You collected 91 gold pieces.

Inventory:

Hand Weapons
 a - a -1 mace of flaming (weapon)
Jewellery
 g - a ring of flight (left hand)
Scrolls
 b - a scroll of noise {unknown}
 f - 2 scrolls of identify {unknown}
Potions
 c - 4 potions of curing {unknown}
 d - a potion of invisibility {unknown}
 e - a potion of flight {unknown}


   Skills:
 + Level 4.0 Fighting
 + Level 3.7 Maces & Flails
 + Level 1.6 Dodging
 + Level 2.0 Spellcasting
 + Level 3.7 Fire Magic


You had 5 spell levels left.
You knew the following spells:

 Your Spells              Type           Power      Damage    Failure   Level
a - Scorch                Fire           22%        2d6       8%          2

Your spell library contained the following spells:

 Spells                   Type           Power      Damage    Failure   Level


Dungeon Overview and Level Annotations

Branches:
Dungeon (4/15)
 Temple: D:4-7

Altars:
Dithmenos
Fedhas


Innate Abilities, Weirdness & Mutations

Your plain brown scales are hard. (AC +5)
You cannot fit into any form of body armour.
You are cold-blooded and may be slowed by cold attacks.


Message History

You feel sick.
You feel sick.
Things that are here:
22 stones; a +0 dagger You feel sick.
The adder closely misses you.
You feel sick.
You miss the adder.
The adder is almost dead.
You feel sick. The adder closely misses you.
You hit the adder. You burn the adder.
You kill the adder!
You feel sick.
You are no longer poisoned.
You hit the kobold but do no damage. The kobold closely misses you.
You barely miss the kobold. The kobold hits you with a +0 whip.
The kobold barely misses you.
You miss the kobold.
Your tail-slap misses the kobold.
The kobold barely misses you.
You hit the kobold. You burn the kobold.
You kill the kobold!
You see here a +0 whip.
Things that are here:
22 stones; a +0 dagger You start resting.
HP restored.
There is a stone staircase leading down, spattered with blood here.
You fly downwards.
The ogre hits you with a +0 giant club!!
Ouch! That really hurt!
There is a stone staircase leading up, spattered with blood here.
The ogre misses you.
You fly upwards.
There is a stone staircase leading down, spattered with blood here.
The ogre hits you with a +0 giant club!
* * * LOW HITPOINT WARNING * * *
Okay, then.
Activating: Foxfire Swarm
Press: ? - help, Dir - look around, f - activate Flames leap up around you!
The ogre hits you with a +0 giant club!
You die...

.....#
#......##.#..............
######
#.####.##.#.####.#.#.####
#.#.........# #.#.#.#
#.#.##.##.#.# #...#.#
####.#.##.##.#.# #(.##.#
#.......#......# #..##.#
#.##.#..###vv### #.....#
##.##.#...vvOvv.# ##.####
#.........vv@vv.# #.#
#..##.#...vvvvv.# #.#
#..##.#...vvvvv.#####.####
#.>.>......(....##.....).#
#..#.##.........##.##.##.#
#..#.##.........##.##.##.#
#........#########.##.##.#
#.........# #.##.##.#
#.##.#(##.# #.......#


You could see an ogre (ally target).

Vanquished Creatures
  An iguana (D:3)
  5 adders
  A worm (D:2)
  4 dart slugs
  6 ball pythons (D:1)
  3 endoplasms
  A giant cockroach (D:1)
  6 goblins
  4 hobgoblins
  4 jackals (D:1)
  5 kobolds
  A quokka (D:3)
  2 bats (D:1)
  3 frilled lizards
  5 rats
51 creatures vanquished.

Notes
Turn   | Place    | Note
-------+----------+-------------------------------------------
     0 | D:1      | siradein the Draconian Cinder Acolyte began the quest for
                  | the Orb.
     0 | D:1      | Reached XP level 1. HP: 19/19 MP: 2/2
    77 | D:1      | Reached XP level 2. HP: 4/26 MP: 3/3
   425 | D:1      | Learned a level 2 spell: Scorch
  1242 | D:2      | Reached XP level 3. HP: 31/31 MP: 5/5
  1505 | D:2      | Reached skill level 1 in Dodging
  1972 | D:3      | Found a shadowy altar of Dithmenos.
  1988 | D:3      | Reached XP level 4. HP: 15/40 MP: 6/6
  2266 | D:3      | Found a blossoming altar of Fedhas.
  2706 | D:3      | Reached skill level 4 in Fighting
  2821 | D:3      | Found a faded altar of an unknown god.
  2983 | D:4      | Noticed an ogre
  3215 | D:3      | Slain by an ogre

Illustrated notes

Levels and vault maps discovered:
D:1:      minmay_arrival_stone_box, layout_loops_ring
D:2:      layout_rooms, serial_bayou_pond_e
D:3:      layout_loops_cross, lemuel_crystal_altar, fedhas_ov_isle_minmay,
          shapermc_ecumenical_altar_starsandcircs
D:4:      layout_cave_pools, nicolae_ru_great_annihilating_truth,
          gammafunk_temple_overflow_pools, jmf_multi_god_temple, serial_shops,
          kennysheep_mini_moat, st_stairs_12

Skill      XL: |  1  2  3  4 |
---------------+-------------+-----
Dodging        | 1 |  1.6
Fighting       | 4 |  4.0
Spellcasting   | 2 |  2.0
Maces & Flails | |  3.7
Fire Magic     | |  3.7

Action                   |  1- 3 |  4- 6 || total
-------------------------+-------+-------++-------
Melee: Mace              |   113 |    52 ||   165
       Tailslap          |     2 |     6 ||     8
Invok: Foxfire Swarm     |       |     1 ||     1
Armor: Skin              |    49 |    15 ||    64
Dodge: Dodged            |    66 |    41 ||   107

Table legend: (Time is in decaauts)
 A = Elapsed time spent in this place.
 B = Non-inter-level travel time spent in this place.
 C = Inter-level travel time spent in this place.
 D = Time resting spent in this place.
 E = Time spent auto-exploring this place.
 F = Levels seen in this place.
 G = Mean time per level.
                   A        B        C        D        E       F      G
               +--------+--------+--------+--------+--------+-----+--------+
         Total |   3256 |   3196 |     60 |    196 |   2550 |   4 |  814.0 |
       Dungeon |   3256 |   3196 |     60 |    196 |   2550 |   4 |  814.0 |
               +--------+--------+--------+--------+--------+-----+--------+

Top non-repeatable levels by time:
     D:3: 1358 daAuts
     D:1: 1252 daAuts
     D:2: 615 daAuts
     D:4: 28 daAuts
